 Dungeon Crawl Stone Soup version 0.16-a0-2363-g19e4ded (webtiles) character file.

385 Kraw the Sneak (level 7, -3/44 HPs)
             Began as a Halfling Assassin on Nov 17, 2014.
             Was a Follower of Dithmenos.
             Killed by nerve-wracking pain
             ... invoked by Grinder
              (10 damage)
             ... on level 4 of the Dungeon.
             The game lasted 00:15:01 (3534 turns).

Kraw the Sneak (Halfling Assassin)                  Turns: 3534, Time: 00:15:01

Health: -3/44      AC:  4    Str: 11    XL:     7   Next: 6%
Magic:  7/7        EV: 14    Int: 10    God:    Dithmenos [*.....]
Gold:   186        SH:  0    Dex: 18    Spells: 0 memorised, 6 levels left

rFire  . . .     SeeInvis .     a - +2 dagger
rCold  . . .     Clarity  .     c - +0 robe
rNeg   . . .     SustAb   .     (no shield)
rPois  .         Gourm    .     (no helmet)
rElec  .         Spirit   .     d - +0 cloak
rCorr  .         Warding  .     F - +0 pair of gloves
rMut   .         Stasis   .     (no boots)
MR     .....                    (no amulet)
Stlth  +++++.....               (no ring)
                                (no ring)

@: wreathed by umbra, not resistant to hostile enchantments, quite stealthy
A: mutation resistance 1
a: Renounce Religion


You were on level 4 of the Dungeon.
You worshipped Dithmenos.
Dithmenos was aware of your devotion.
You were not hungry.

You visited 1 branch of the dungeon, and saw 4 of its levels.

You collected 186 gold pieces.

Inventory:

Hand weapons
 a - a +2 dagger (weapon)
 b - a +0 hunting sling
 e - a +0 blowgun
Missiles
 f - 2 curare-tipped needles
 s - 60 sling bullets
 x - 5 needles of confusion
 z - 19 poisoned needles
 D - 5 tomahawks (quivered)
 G - 4 silver tomahawks
Armour
 c - a +0 robe (worn)
 d - a +0 cloak (worn)
 B - a +0 buckler
 F - a +0 pair of gloves (worn)
Jewellery
 u - an uncursed ring of magical power {unknown}
 y - an uncursed ring of protection from magic {unknown}
Scrolls
 h - a scroll of noise {unknown}
 o - 5 scrolls of teleportation {unknown}
 p - a scroll of enchant weapon {unknown}
 q - 3 scrolls of identify {unknown}
 w - a scroll of random uselessness {unknown}
 A - a scroll of remove curse {unknown}
Potions
 i - 2 potions of degeneration {unknown}
 j - a potion of might {unknown}
 k - a potion of invisibility {unknown}
 l - a potion of confusion {unknown}
 n - a potion of magic {unknown}
 t - a potion of curing {unknown}
 v - a potion of restore abilities {unknown}
 E - a potion of agility {unknown}
Comestibles
 g - 3 bread rations
 m - a slice of pizza
 r - 3 meat rations
 C - 10 fruits
 H - a chunk of flesh


   Skills:
 - Level 1.7 Fighting
 + Level 6.7 Short Blades
 - Level 2.6 Throwing
 - Level 1.1 Dodging
 + Level 7.2 Stealth


You had 6 spell levels left.
You didn't know any spells.

Dungeon Overview and Level Annotations

Branches:
Dungeon (4/15)
 Temple: D:4-7

Altars:
Dithmenos
Makhleb
Nemelex Xobeh
Okawaru
The Shining One

Annotations:
D:4 Grinder


Innate Abilities, Weirdness & Mutations

You are small and have problems with some larger weapons.
You are somewhat resistant to further mutation.


Message History

Grinder is moderately wounded.
Grinder gestures at you. You resist with significant effort.
You hit Grinder but do no damage.
Grinder is moderately wounded.
Grinder misses you.
You hit Grinder.
Grinder is moderately wounded.
You hit Grinder.
Grinder is heavily wounded.
Grinder grins, showing sharp teeth.
Grinder hits you!
* * * LOW HITPOINT WARNING * * *
You writhe in agony.
* * * LOW HITPOINT WARNING * * *
You barely miss Grinder.
Grinder is heavily wounded.
Grinder gestures at you. Pain shoots through your body!
You die...

#### ##..## #....##
#.....# ##......
#..####. #####
##.## ##
#.#######...####..#
##
#.....@5........##
#.
##.......########
#. ####...## #.#
##).# #.# #..# ..#
#..# ..# #..# ..#
#### #


You could see Grinder.

Vanquished Creatures
  The ghost of Kraw the Sneak, an average HaAs (D:4)
  Blork the orc (D:4)
  A scorpion (D:4)
  An orc priest (D:3)
  4 gnolls
  4 adders (D:2)
  A worm (D:2)
  2 giant geckos
  9 orcs
  6 bats
  7 goblins
  12 hobgoblins
  4 jackals (D:2)
  13 kobolds
  A quokka (D:2)
  3 giant cockroaches
  4 giant newts
  2 rats
76 creatures vanquished.

Notes
Turn   | Place    | Note
--------------------------------------------------------------
     0 | D:1      | Kraw, the Halfling Assassin, began the quest for the Orb.
     0 | D:1      | Reached XP level 1. HP: 14/14 MP: 1/1
    10 | D:1      | Noticed an electric eel
   166 | D:1      | Reached XP level 2. HP: 19/19 MP: 2/2
   618 | D:1      | Reached skill level 5 in Stealth
   744 | D:1      | Reached XP level 3. HP: 22/24 MP: 3/3
  1027 | D:2      | Found a glowing golden altar of the Shining One.
  1106 | D:2      | Reached XP level 4. HP: 25/29 MP: 4/4
  1177 | D:2      | Found a sparkling altar of Nemelex Xobeh.
  1321 | D:2      | Found a shadowy altar of Dithmenos.
  1330 | D:2      | Became a worshipper of Dithmenos the Shadowed
  1686 | D:2      | Reached XP level 5. HP: 21/34 MP: 5/5
  1836 | D:3      | Found an iron altar of Okawaru.
  1898 | D:2      | Reached skill level 6 in Stealth
  2378 | D:3      | Reached skill level 5 in Short Blades
  2391 | D:3      | Found a burning altar of Makhleb.
  3087 | D:4      | Reached XP level 6. HP: 39/39 MP: 6/6
  3112 | D:4      | Noticed Kraw's ghost (average HaAs)
  3173 | D:4      | Killed Kraw's ghost
  3173 | D:4      | Reached skill level 7 in Stealth
  3451 | D:4      | Noticed Blork the orc
  3455 | D:4      | Killed Blork the orc
  3455 | D:4      | Reached XP level 7. HP: 44/44 MP: 7/7
  3512 | D:4      | Noticed Grinder
  3518 | D:4      | Paralysed by Grinder for 7 turns
  3534 | D:4      | Killed from afar by Grinder

Action                   |  1- 3 |  4- 6 |  7- 9 || total
-------------------------+-------+-------+-------++-------
Melee: Dagger            |    83 |   142 |    10 ||   235
 Fire: Blowgun           |    15 |    29 |       ||    44
       Hunting sling     |       |    26 |     9 ||    35
 Stab: Sleeping          |     4 |     7 |       ||    11
       Confused          |       |     1 |       ||     1
  Eat: Chunk             |     1 |     7 |       ||     8
